Map: Ephemeron LE

Players

decimalplace

  • Race: Terran Terran
  • League: Gold
  • Spawn Location: 11:00

ViBE - Winner!

  • Race: Protoss Protoss
  • League: Silver
  • Spawn Location: 5:00

VOD

Have the link to the VOD?

Description

Time

  • Played on: Dec. 6, 2019, 3:54 p.m.
  • Length: 27:45
Show
View Real Time Build Order
Export as new Build Order

decimalplace Terran 

Build Orders:  

Get SALT Encoding   

  12  0:01  SCV  
  13  0:14  Supply Depot  
  13  0:19  SCV  
  14  0:31  SCV  
  15  0:38  Barracks  
  15  0:46  Supply Depot  
  15  0:50  SCV  
  16  0:57  Refinery  
  16  1:04  Refinery  
  16  1:13  SCV  
  17  1:26  Marine  
  17  1:29  SCV  
  19  1:39  Barracks  
  19  1:41  SCV  
  20  1:52  Marine  
  20  1:54  SCV  
  22  2:06  SCV  
  23  2:09  Supply Depot  
  23  2:14  Factory, Barracks Tech Lab  
  23  2:25  SCV  
  24  2:30  Marine  
  25  2:41  Marine  
  26  2:50  Supply Depot  
  26  2:57  Factory Tech Lab  
  26  3:00  Starport  
  26  3:03  SCV  
  26  3:05  Marine x2  
  29  3:22  Marine  
  29  3:23  Engineering Bay  
  29  3:24  SCV  
  29  3:26  Combat Shield  
  31  3:37  Siege Tank  
  34  3:42  Starport Tech Lab  
  34  3:46  Marine  
  34  3:48  Marine  
  36  4:17  Command Center  
  36  4:29  Orbital Command  
  36  4:37  Missile Turret  
  36  4:46  Banshee  
  39  4:55  SCV  
  40  5:03  Siege Tank  
  43  5:07  SCV  
  43  5:13  Marine x2  
  46  5:25  Starport  
  46  5:30  Refinery  
  46  5:31  Orbital Command, Marine  
  47  5:43  SCV  
  48  5:55  SCV  
  49  6:00  Fusion Core  
  49  6:05  Starport Tech Lab  
  49  6:08  SCV  
  49  6:11  SCV  
  51  6:12  Starport  
  51  6:20  SCV  
  51  6:23  Siege Tank  
  55  6:32  SCV  
  56  6:38  Supply Depot  
  56  6:41  Supply Depot  
  56  6:42  Marine x2  
  58  6:50  Starport Tech Lab  
  58  6:55  SCV x2  
  58  6:56  Widow Mine  
  58  6:59  Marine  
  58  7:00  Marine  
  64  7:07  SCV, Battlecruiser  
  64  7:08  SCV  
  72  7:15  Supply Depot  
  72  7:19  SCV  
  73  7:32  Refinery  
  73  7:33  Marine x2  
  73  7:36  Battlecruiser, Widow Mine  
  83  7:47  Supply Depot  
  83  7:57  Widow Mine  
  88  8:15  Battlecruiser  
  88  8:18  Widow Mine  
  93  8:21  Supply Depot  
  93  8:22  Supply Depot  
  93  8:25  Supply Depot  
  93  8:28  Supply Depot  
  93  8:37  Command Center  
  93  8:43  Siege Tank  
  93  8:45  Armory  
  93  8:46  Marine  
  97  9:13  SCV x2  
  97  9:15  Siege Tank  
  102  9:23  Marine x2  
  104  9:41  Marine x2  
  106  9:52  Refinery  
  106  9:59  Marine  
  107  10:10  Battlecruiser x3  
  107  10:11  Marine  
  126  10:16  SCV  
  126  10:17  SCV x2, Marine  
  130  10:21  Siege Tank  
  130  10:23  Cloaking Field  
  133  10:28  SCV  
  133  10:29  SCV, Marine  
  133  10:34  Marine  
  137  10:37  SCV  
  137  10:41  SCV x2  
  140  10:44  Missile Turret  
  140  10:46  Marine  
  140  10:48  Missile Turret  
  141  10:52  Missile Turret  
  141  10:58  Supply Depot  
  141  11:00  Supply Depot  
  141  11:02  Planetary Fortress  
  141  11:04  Supply Depot  
  141  11:19  Marine x2  
  141  11:20  SCV x2  
  145  11:29  Battlecruiser  
  151  11:36  Missile Turret  
  151  11:37  Marine x2  
  151  11:39  Missile Turret  
  153  11:40  Missile Turret  
  153  11:41  Missile Turret, Refinery  
  153  11:43  Missile Turret  
  153  11:52  Starport  
  153  11:55  Marine x2  
  155  12:08  Battlecruiser  
  161  12:13  Marine  
  63  13:36  Starport Tech Lab  
  63  13:38  Battlecruiser x3  
  81  13:41  Siege Tank  
  84  13:54  Drilling Claws  
  84  14:13  Siege Tank  
  81  14:19  Command Center  
  81  14:26  Marine x2  
  83  14:44  Marine x2  
  85  14:56  Weapon Refit  
  85  14:59  Battlecruiser  
  91  15:01  Marine  
  91  15:02  Marine  
  93  15:10  Command Center  
  93  15:47  Marine x2  
  93  15:49  Siege Tank  
  98  16:00  Planetary Fortress  
  98  16:03  Refinery  
  98  16:04  SCV  
  99  16:05  Marine x2  
  101  16:21  Siege Tank  
  101  16:22  Marine  
  101  16:23  Marine  
  101  16:25  Refinery  
  106  16:26  Battlecruiser  
  112  16:35  SCV x2  
  114  16:40  Marine x2  
  114  16:41  Planetary Fortress  
  116  16:48  SCV x3  
  116  16:53  Siege Tank  
  122  16:58  Marine x2  
  68  17:49  SCV x3  
  62  18:01  SCV x3  
  65  18:13  SCV x3  
  65  18:18  Battlecruiser  
  74  18:25  SCV x2  
  74  18:26  SCV  
  77  18:37  SCV  
  77  18:38  SCV  
  79  18:45  Refinery  
  79  18:55  Terran Vehicle And Ship Armor Level 1  
  47  20:00  SCV x2, Command Center  
  47  20:05  Marine  
  47  20:06  Marine  
  51  20:12  SCV  
  52  20:23  Marine x2, Widow Mine  
  56  20:41  Marine x2  
  58  20:44  Widow Mine  
  60  20:59  Marine x2  
  62  21:05  Widow Mine  
  64  21:15  Refinery  
  64  21:17  Marine x2  
  49  21:27  Widow Mine  
Show
View Real Time Build Order
Export as new Build Order

ViBE Protoss - Winner!

Build Orders:  

Get SALT Encoding   

  12  0:01  Probe  
  13  0:13  Probe  
  14  0:20  Pylon  
  14  0:25  Probe  
  15  0:38  Probe (Chrono Boost)  
  15  0:39  Gateway  
  16  0:49  Assimilator  
  17  0:50  Probe (Chrono Boost)  
  17  0:58  Probe (Chrono Boost)  
  18  1:04  Probe  
  19  1:16  Probe  
  20  1:28  Probe, Cybernetics Core  
  21  1:35  Pylon  
  21  1:37  Assimilator  
  21  1:40  Probe  
  22  1:52  Probe  
  23  2:01  Nexus  
  23  2:04  Probe  
  23  2:07  Stalker (Chrono Boost)  
  24  2:13  Warp Gate  
  26  2:17  Probe  
  27  2:23  Pylon  
  27  2:31  Probe  
  27  2:34  Stalker  
  30  2:43  Probe (Chrono Boost)  
  31  2:51  Pylon  
  31  2:54  Probe (Chrono Boost)  
  32  2:59  Probe (Chrono Boost)  
  33  3:10  Probe  
  33  3:11  Robotics Facility  
  34  3:13  Gateway  
  34  3:18  Probe  
  35  3:22  Probe  
  35  3:26  Stalker  
  38  3:30  Probe  
  40  3:34  Probe  
  40  3:36  Pylon  
  40  3:42  Probe (Chrono Boost)  
  40  3:46  Probe (Chrono Boost)  
  42  3:54  Probe (Chrono Boost)  
  43  3:58  Probe (Chrono Boost)  
  43  4:01  Probe (Chrono Boost), Observer  
  46  4:02  Probe (Chrono Boost)  
  46  4:07  Stalker x2  
  46  4:09  Probe  
  52  4:15  Probe  
  53  4:21  Probe  
  53  4:22  Nexus  
  54  4:25  Pylon  
  54  4:28  Probe  
  55  4:33  Probe  
  55  4:34  Assimilator x2  
  56  4:38  Pylon  
  56  4:40  Probe  
  56  4:45  Probe  
  58  4:48  Immortal  
  58  4:52  Probe  
  63  4:55  Stalker  
  63  4:57  Probe  
  63  4:59  Stalker  
  68  5:04  Probe  
  69  5:09  Probe  
  69  5:11  Pylon  
  70  5:16  Probe  
  70  5:18  Stalker  
  73  5:21  Probe  
  73  5:24  Stalker  
  73  5:28  Probe  
  77  5:29  Pylon  
  77  5:32  Pylon, Immortal  
  77  5:33  Probe  
  82  5:44  Probe  
  82  5:45  Probe x2  
  85  5:50  Stalker x2  
  85  5:56  Probe  
  85  5:57  Probe  
  91  5:58  Probe  
  92  6:09  Nexus, Probe (Chrono Boost)  
  92  6:10  Probe x2 (Chrono Boost)  
  95  6:13  Pylon  
  95  6:15  Immortal  
  101  6:19  Stalker, Probe x3 (Chrono Boost)  
  101  6:20  Stalker  
  101  6:24  Probe x3 (Chrono Boost)  
  106  6:29  Assimilator x2  
  106  6:32  Pylon  
  109  6:34  Pylon  
  109  6:35  Probe x2  
  109  6:36  Probe  
  112  6:43  Stalker  
  112  6:44  Stalker  
  116  6:48  Pylon  
  116  6:50  Pylon  
  116  6:53  Probe x3  
  119  6:54  Immortal  
  123  7:05  Probe x3  
  126  7:17  Probe x3  
  126  7:18  Stalker x2  
  133  7:27  Gateway  
  133  7:29  Gateway  
  133  7:31  Gateway  
  133  7:35  Immortal  
  133  7:36  Gateway  
  137  7:38  Gateway  
  137  7:39  Gateway  
  137  7:41  Gateway  
  137  7:43  Gateway  
  137  7:44  Assimilator x2  
  137  7:53  Nexus  
  137  7:58  Stalker x2  
  141  8:04  Pylon  
  141  8:08  Pylon  
  141  8:14  Immortal  
  145  8:27  Pylon, Robotics Facility  
  145  8:30  Robotics Facility  
  145  8:39  Stalker x3  
  145  8:40  Stalker x4  
  159  8:41  Stalker x2  
  159  8:42  Stalker  
  165  8:48  Gateway  
  165  8:50  Gateway  
  165  8:54  Immortal  
  169  9:11  Forge  
  169  9:13  Forge  
  169  9:15  Observer, Forge  
  170  9:17  Immortal, Twilight Council  
  170  9:22  Stalker  
  170  9:23  Stalker x2  
  170  9:24  Stalker x2  
  182  9:25  Stalker x3  
  182  9:26  Stalker  
  182  9:27  Stalker  
  194  9:33  Immortal  
  193  9:46  Probe x4  
  193  9:48  Photon Cannon  
  193  9:50  Photon Cannon  
  193  9:52  Photon Cannon  
  188  9:54  Photon Cannon  
  188  9:58  Probe x4  
  188  10:01  Photon Cannon  
  188  10:02  Photon Cannon  
  188  10:05  Photon Cannon  
  177  10:07  Photon Cannon  
  177  10:10  Probe x2 (Chrono Boost)  
  177  10:11  Probe x2 (Chrono Boost)  
  180  10:22  Probe (Chrono Boost)  
  180  10:23  Probe x2 (Chrono Boost)  
  180  10:24  Probe (Chrono Boost)  
  180  10:28  Probe (Chrono Boost)  
  185  10:30  Probe x3 (Chrono Boost)  
  185  10:31  Probe (Chrono Boost)  
  185  10:32  Probe (Chrono Boost)  
  190  10:36  Probe x4  
  190  10:41  Probe  
  195  10:48  Probe  
  196  10:51  Probe x2  
  196  10:52  Probe  
  196  10:53  Probe  
  200  11:00  Protoss Ground Weapons Level 1 (Chrono Boost), Photon Cannon, Protoss Shields Level 1 (Chrono Boost), Protoss Ground Armor Level 1 (Chrono Boost)  
  200  11:03  Pylon  
  200  11:38  Photon Cannon  
  200  11:40  Photon Cannon  
  199  12:04  Gateway x2  
  199  12:08  Gateway  
  199  12:14  Gateway  
  199  12:16  Gateway  
  199  12:18  Gateway  
  199  12:19  Probe, Gateway  
  199  12:22  Assimilator  
  192  12:23  Assimilator, Gateway  
  192  12:28  Gateway  
  170  12:31  Gateway  
  170  12:33  Gateway  
  158  12:37  Immortal x3  
  158  12:39  Stalker x2  
  158  12:40  Stalker x2  
  158  12:41  Stalker x3  
  158  12:42  Stalker x3  
  158  12:43  Stalker x2, Nexus  
  184  12:45  Pylon, Protoss Ground Armor Level 2 (Chrono Boost), Protoss Ground Weapons Level 2 (Chrono Boost)  
  184  12:46  Protoss Shields Level 2 (Chrono Boost)  
  168  13:05  Stalker x3  
  158  13:06  Stalker x3  
  158  13:07  Stalker x3  
  158  13:08  Stalker x3  
  158  13:09  Stalker x3  
  158  13:10  Stalker x2  
  145  13:29  Probe x3  
  145  13:30  Probe x2  
  145  13:34  Photon Cannon  
  150  13:35  Photon Cannon  
  150  13:49  Photon Cannon  
  150  13:51  Photon Cannon  
  150  14:10  Templar Archives  
  150  14:58  Nexus  
  150  15:00  Pylon  
  150  15:02  High Templar x3  
  150  15:03  High Templar x4  
  150  15:04  High Templar x4  
  150  15:05  High Templar x4  
  150  15:06  High Templar x4  
  188  15:07  High Templar x4  
  196  15:20  Archon x4  
  196  15:21  Archon x4  
  194  15:22  Archon x2  
  194  15:23  Archon  
  179  15:37  Probe x2 (Chrono Boost)  
  179  15:38  Probe (Chrono Boost)  
  179  15:39  Probe x2 (Chrono Boost)  
  184  15:48  Probe x3 (Chrono Boost)  
  184  15:49  Probe x2 (Chrono Boost)  
  189  15:53  Probe x5 (Chrono Boost)  
  194  16:12  Photon Cannon  
  194  16:14  Photon Cannon  
  194  16:17  Assimilator  
  194  16:20  Assimilator  
  194  16:30  Probe x4  
  198  16:32  Stalker  
  198  16:35  Protoss Ground Weapons Level 3 (Chrono Boost)  
  198  16:36  Protoss Ground Armor Level 3 (Chrono Boost), Protoss Shields Level 3 (Chrono Boost)  
  200  16:58  Assimilator  
  196  17:02  Assimilator  
  187  17:09  Assimilator  
  187  17:11  Pylon  
  177  17:17  Probe x2 (Chrono Boost)  
  177  17:18  Probe (Chrono Boost)  
  177  17:19  Probe x2 (Chrono Boost)  
  168  17:28  Probe x5 (Chrono Boost)  
  157  17:32  Probe x5 (Chrono Boost)  
  157  17:33  Stalker x2  
  157  17:34  Stalker x4  
  157  17:35  Stalker x4  
  157  17:36  Stalker x4  
  160  17:37  Stalker x4  
  160  17:38  Stalker x3  
  160  17:39  Stalker x2  
  160  17:40  Immortal x2  
  160  17:41  Immortal  
  160  17:43  Probe x3  
  141  18:13  Stalker  
  141  18:14  Stalker x3  
  141  18:15  Stalker x3  
  141  18:16  Stalker x4  
  141  18:17  Stalker x3  
  141  18:18  Stalker x5  
  141  18:19  Stalker x3  
  185  18:20  Stalker  
  185  18:22  Probe  
  185  18:26  Immortal x3  
  200  18:49  Photon Cannon  
  200  18:52  Photon Cannon  
  162  19:12  Nexus  
  162  19:13  Pylon  
  162  19:16  Nexus  
  136  19:18  Photon Cannon  
  136  19:20  Photon Cannon  
  136  19:22  Stalker x3  
  136  19:23  Stalker x5  
  136  19:24  Stalker x3  
  130  19:25  Stalker x5  
  130  19:26  Stalker x4  
  130  19:27  Stalker x3  
  130  19:29  Immortal  
  150  19:37  Immortal  
  150  19:38  Immortal  
  154  20:08  High Templar x5  
  154  20:09  High Templar x4  
  154  20:10  High Templar x3  
  154  20:11  High Templar x3  
  154  20:12  High Templar x5  
  194  20:22  Stalker x3  
  194  20:25  Archon x2  
  194  20:26  Archon x5  
  194  20:27  Archon  
  194  20:28  Archon x2  
  200  21:19  Assimilator  
  158  21:59  Immortal x2  
  158  22:00  Immortal  
  158  22:01  Stalker x2  
  158  22:02  Stalker x3  
  158  22:05  Stalker x2  
  158  22:06  Stalker x3  
  158  22:07  Stalker x4  
  158  22:08  Stalker x4, Photon Cannon  
  170  22:09  Stalker x4  
  170  22:10  Stalker, Photon Cannon  
  178  22:26  Stalker  
  178  22:27  Stalker x3  
  178  22:28  Stalker x3  
  178  22:29  Stalker x3  
  178  22:30  Stalker  
  178  23:11  Assimilator  
  178  23:12  Assimilator  
  178  26:56  Nexus  
  178  26:59  Pylon  
Tags
 
Add a new tag
Caveats
  • Supply blocks, unpowered buildings, or Contaminate may cause inaccurate times.
  • Supply counts are checked every 10 seconds.